 Dungeon Crawl Stone Soup version 0.21-a0-400-g417d9d2 (webtiles) character file.

91 slep the Skirmisher (level 4, -3/55 HPs)
             Began as a Demonspawn Wanderer on Oct 21, 2017.
             Slain by Sestren413's ghost (6 damage)
             ... on level 3 of the Dungeon.
             The game lasted 00:15:33 (2289 turns).

slep the Skirmisher (Demonspawn Wanderer)           Turns: 2289, Time: 00:15:34

Health: -3/55      AC: 22    Str: 10    XL:     4   Next: 33%
Magic:  4/4        EV:  2    Int: 14    God:
Gold:   71         SH:  0    Dex: 15    Spells: 3/3 levels left

rFire    . . .     SeeInvis .   a - +2 short sword
rCold    . . .     Gourm    .   (no shield)
rNeg     + + +     Faith    .   (armour currently unavailable)
rPois    +         Spirit   .   (helmet currently unavailable)
rElec    .         Reflect  .   (cloak currently unavailable)
rCorr    .         Harm     .   (gloves currently unavailable)
MR       +....     NoTele   +   (boots currently unavailable)
Stlth    +.........             (no amulet)
HPRegen  0.18/turn              e - ring of protection from magic
MPRegen  0.09/turn              (no ring)

@: tree-form (expiring)
A: rot immunity
a: no special abilities


You were on level 3 of the Dungeon.
You were hungry.
You were a tree.
You visited 1 branch of the dungeon, and saw 3 of its levels.

You collected 71 gold pieces.

Inventory:

Hand Weapons
 a - a +2 short sword (weapon)
 s - a +0 dagger of speed
 t - a +1 spear of flaming
Armour
 d - a +0 robe
 h - a +0 ring mail (melded)
 q - a +0 pair of gloves (melded)
 u - a +0 helmet (melded)
Jewellery
 e - a ring of protection from magic (left branch)
 j - a +3 amulet of reflection {unknown}
Wands
 r - a wand of paralysis (12/24)
Scrolls
 c - 2 scrolls of teleportation
 k - a scroll of enchant armour {unknown}
 l - a scroll of enchant weapon {unknown}
 n - a scroll of remove curse {unknown}
 p - 2 scrolls of identify {unknown}
 v - 2 scrolls of recharging {unknown}
Potions
 i - 2 potions of curing
 m - 2 potions of haste
 o - a potion of brilliance
 w - a potion of heal wounds {unknown}
Comestibles
 f - a bread ration
 g - 2 meat rations
 x - 2 fruits


   Skills:
 + Level 3.8 Fighting
 + Level 3.7 Short Blades
 + Level 1.0 Polearms
 + Level 1.1 Armour
 + Level 1.1 Dodging
 + Level 0.1 Stealth
   Level 1.7 Shields


You had 3 spell levels left.
You didn't know any spells.

Dungeon Overview and Level Annotations

Branches:
Dungeon (3/15)

Altars:
Ru

Annotations:
D:3 Sestren413's ghost, amateur KoAM


Innate Abilities, Weirdness & Mutations

((You have large cloven feet.))
You are immune to rotting.


Message History

The bat is moderately wounded.
The bat hits you but does no damage.
Sestren413's ghost hits you but does no damage.
You puncture Sestren413's ghost!
Sestren413's ghost is heavily damaged.
Sestren413's ghost hits you but does no damage.
The bat hits you but does no damage.
You closely miss the bat.
The bat is moderately wounded.
The bat hits you but does no damage.
Sestren413's ghost gestures at you while chanting.
You easily resist.
You closely miss Sestren413's ghost.
Sestren413's ghost is heavily damaged.
Your transformation is almost over.
The bat hits you but does no damage. x2
You hit Sestren413's ghost.
Sestren413's ghost is heavily damaged.
The bat hits you but does no damage. Sestren413's ghost hits you.
You die...

#...#...#...## .#
..#...#...#..####...#
#...#...#...........#
..#...#...#.#$###.#.#
#...#...#...#.#
..#...#...#.#.#
#...#...#..##.#
..#...#...###.#######.#.
#...#.......#.(W♣b......
..#.....###.#########...
#.........#.# ..
..........#.###.#
.#...#....#......
.###.##......#
.....##......#
.##..........##
.##.##.##....<#


You could see Sestren413's ghost and a bat.

Vanquished Creatures
  Robin (D:2)
  3 adders (D:2)
  2 worms
  A dart slug (D:1)
  A leopard gecko (D:1)
  An orc (D:3)
  3 bats
  A giant cockroach (D:1)
  13 goblins
  6 hobgoblins
  2 frilled lizards
  2 kobolds (D:1)
  6 rats
  A fungus (D:2)
43 creatures vanquished.

Notes
Turn   | Place    | Note
-------+----------+-------------------------------------------
     0 | D:1      | slep the Demonspawn Wanderer began the quest for the Orb.
     0 | D:1      | slep set off with: a +2 short sword, a potion of lignification, a scroll of teleportation, a +0 robe, a bread ration
     0 | D:1      | Reached XP level 1. HP: 18/18 MP: 1/1
   637 | D:1      | Gained mutation: You have large cloven feet. [demonic ancestry]
   637 | D:1      | Reached XP level 2. HP: 24/24 MP: 2/2
  1196 | D:2      | Reached XP level 3. HP: 29/29 MP: 3/3
  1404 | D:2      | Noticed Robin
  1419 | D:2      | Reached skill level 1 in Armour
  1432 | D:2      | Killed Robin
  1439 | D:2      | Gained mutation: You are immune to rotting. [demonic ancestry]
  1439 | D:2      | Reached XP level 4. HP: 29/37 MP: 4/4
  1911 | D:2      | Found a sacrificial altar of Ru.
  2239 | D:3      | Noticed Sestren413's ghost (amateur KoAM)
  2284 | D:3      | HP: 2/55 [Sestren413's ghost (5)]
  2289 | D:3      | Slain by Sestren413's ghost

Vault maps used:
D:1:      dpeg_arrival_three_same_balls, kennysheep_decorative_pillar
D:2:      nicolae_ru_the_path_less_chosen, serial_bayou, serial_bayou_crossing,
          serial_bayou_shore_b, serial_bayou_pond_d, serial_bayou_ford_a,
          uniq_robin
D:3:      hex_large, uniq_crazy_yiuf_cottage, uniq_grinder

Skill      XL: |  1  2  3 |
---------------+----------+-----
Short Blades   | 3 |  3.7
Armour         | 1 |  1.1
Fighting       | |  3.8
Polearms       | |  1.0
Dodging        | |  1.1
Stealth        | |  0.1
Shields        | |  1.7

Action                   |  1- 3 |  4- 6 || total
-------------------------+-------+-------++-------
Melee: Short sword       |   112 |    51 ||   163
       Kick              |    13 |    13 ||    26
  Use: Potion            |     3 |     3 ||     6
  Eat: Chunk             |     2 |     1 ||     3
       Fruit             |       |     1 ||     1
Armor: Ring mail         |    33 |     7 ||    40
       Skin              |       |    21 ||    21
Dodge: Dodged            |    49 |    15 ||    64

Table legend:
 A = Spawn XP
 B = Non-spawn XP
 C = Spawn XP percentage of total XP
 D = Spawn monster count
 E = Non-spawn monster count
 F = Spawn count percentage of total count
 G = Total turns spent on level
                    A         B        C        D         E        F      G
               +---------+---------+-------+---------+---------+-------+---------
         Total |       0 |     130 |   0.0 |       0 |      42 |   0.0 |  2289
               +---------+---------+-------+---------+---------+-------+---------
           D:1 |       0 |      27 |   0.0 |       0 |      15 |   0.0 |  1082
           D:2 |       0 |      95 |   0.0 |       0 |      25 |   0.0 |   982
           D:3 |       0 |       8 |   0.0 |       0 |       2 |   0.0 |   225
               +---------+---------+-------+---------+---------+-------+---------
